 Dungeon Crawl Stone Soup version 0.25.1-2-g60ff931df9 (webtiles) character file.

Game seed: 7757620098527749956

13380 Forgol the Cleaver (level 11, -4/106 HPs)
             Began as a Deep Dwarf Monk on Sept 9, 2020.
             Slain by Tyszek's ghost (5 damage)
             ... on level 12 of the Dungeon on Sept 10, 2020.
             The game lasted 00:33:23 (9891 turns).

Forgol the Cleaver (Deep Dwarf Monk)                Turns: 9891, Time: 00:33:23

Health: -4/106     AC: 17    Str: 18 (19) XL:     11   Next: 74%
Magic:  11/11 (2)  EV: 11    Int:  8 (10) God:
Gold:   530        SH:  0    Dex: 13 (15) Spells: 10/10 levels left

rFire    . . .     SeeInvis .   d - +4 war axe
rCold    + . .     Gourm    .   (no shield)
rNeg     . . .     Faith    .   j - +4 scale mail {rC+}
rPois    .         Spirit   .   E - +2 hat
rElec    .         Reflect  .   y - +0 cloak
rCorr    +         Harm     .   a - +0 pair of gloves
MR       +....                  (no boots)
Stlth    +.........             (no amulet)
HPRegen  0.00/turn              m - ring of magical power
MPRegen  0.12/turn              v - ring of resist corrosion

@: fainting, non-regenerating, slowed, studying Throwing, very slow
A: damage resistance, heal wounds, sense surroundings 2, no regeneration
a: Heal Wounds


You were on level 12 of the Dungeon.
You were fainting.

You visited 1 branch of the dungeon, and saw 12 of its levels.
You also visited: Bailey.

You collected 530 gold pieces.

Inventory:

Hand Weapons
 d - a +4 war axe (weapon)
 K - a +0 morningstar
Armour
 a - a +0 pair of gloves (worn)
 j - a +4 scale mail of cold resistance (worn)
 w - a +0 plate armour
 y - a +0 cloak (worn)
 E - a +2 hat (worn)
Jewellery
 m - a ring of magical power (left hand)
 o - an uncursed ring of ice
 r - an uncursed ring of fire {unknown}
 u - an uncursed ring of protection from cold {unknown}
 v - a ring of resist corrosion (right hand)
 H - a +4 ring of protection {unknown}
Wands
 i - a wand of random effects (33)
 q - a wand of paralysis (16)
 A - a wand of iceblast (11)
 F - a wand of digging (4)
 I - a wand of disintegration (14)
 L - a wand of polymorph (7)
Scrolls
 b - a scroll of magic mapping
 f - 11 scrolls of remove curse
 k - 5 scrolls of teleportation
 z - 3 scrolls of amnesia
 D - a scroll of blinking
 N - a scroll of fear
Potions
 e - 2 potions of stabbing
 g - 6 potions of curing
 h - a potion of heal wounds
 l - a potion of ambrosia {unknown}
 n - 4 potions of flight
 p - a potion of degeneration
 s - a potion of haste
 t - 2 potions of brilliance
 B - a potion of mutation {unknown}
 C - a potion of berserk rage {unknown}
 G - a potion of lignification {unknown}
 J - a potion of might {unknown}
Books
 x - a manual of Throwing
Comestibles
 c - 27 rations


   Skills:
 + Level 9.5 Fighting
 - Level 14.1 Axes
 + Level 10.6 Armour
 - Level 3.2 Dodging
 - Level 2.4 Stealth


You had 10 spell levels left.
You didn't know any spells.
Your spell library was empty.

Dungeon Overview and Level Annotations

Branches:
Dungeon (12/15)            Temple (0/1) D:5            Lair (0/6) D:9
    Orc (0/2) D:9          Bailey (visited)

Altars:
Kikubaaqudgha
The Shining One

Shops:
D:5 [   D:11 (

Annotations:
D:9 exclusions: ice statue and orange crystal statue
D:12 Tyszek's ghost, journeyman MiFi


Innate Abilities, Weirdness & Mutations

You are resistant to damage.
You can heal yourself by infusing magical energy.
You passively map the area around you.
You do not regenerate.


Message History

The wraith drains your vigour!
You feel as though you will be slow longer.
The wraith hits you!
* * * LOW HITPOINT WARNING * * *
The shadow imp completely misses you.
Unknown command.
The centaur warrior zombie hits you but does no damage.
The freezing wraith hits you but does no damage.
The freezing wraith hits you.
* * * LOW HITPOINT WARNING * * *
The wraith hits you.
* * * LOW HITPOINT WARNING * * *
Unknown command.
The centaur warrior zombie hits you but does no damage.
The freezing wraith misses you. The freezing wraith closely misses you.
The wraith barely misses you. Tyszek's ghost misses you.
The freezing wraith barely misses you. The freezing wraith closely misses you.
The wraith barely misses you. The wraith hits you but does no damage.
Tyszek's ghost hits you.
You die...

* ,##..............# * ,,
, ,,,...................
,,,, ...... ##..........
, , .##...##......!... ,
, ,, ..................
** # ###.######.....###..
* #.#.#.#.+....<.....#
### #?...W#.###........#
,, #8:..{W@W..........# *
, , ,
#.!...WWW#....#........ ,
#8"...5Z.#..............
,*
*#?....#.......###......#
, , #.#.#.#...#.....
......# , , #
#####................# ,
......#)..........# ,
..###........ ... , ,, ,
, ,


You could see a freezing wraith, 4 wraiths, Tyszek's ghost, a shadow imp and a
centaur warrior zombie.

Vanquished Creatures
  Harold (D:7)
  Erolcha (D:10)
  A two-headed ogre (D:11)
  Nergalle (D:11)
  4 skeletal warriors (D:8)
  A manticore (D:11)
  4 trolls
  3 hippogriffs
  A wyvern (D:10)
  A vampire (D:9)
  Grum (D:9)
  3 vampire mosquitoes (D:8)
  A hungry ghost (D:12)
  Menkaure (D:5)
  A water moccasin (D:6)
  Edmund (D:5)
  Duvessa (D:5)
  2 orc warriors
  4 ice beasts
  A black bear (D:9)
  4 sky beasts
  5 ogres
  2 phantoms
  4 wolves (D:9)
  2 necrophages
  5 centaurs
  Blork the orc (D:5)
  8 bullfrogs
  Dowan (D:5)
  A wyvern skeleton (D:9)
  2 scorpions (D:8)
  6 killer bees
  3 wights (D:9)
  A vampire bat (D:3)
  A howler monkey (D:5)
  An electric eel (D:9)
  A bullfrog zombie (D:11)
  3 crimson imps
  10 hounds
  6 jellies
  3 bullfrog skeletons
  A centaur zombie (D:10)
  Crazy Yiuf (D:5)
  4 orc priests
  3 iguanas
  Natasha (D:2)
  10 orc wizards
  5 worker ants
  A hound zombie (D:8)
  A howler monkey skeleton (D:4)
  A howler monkey zombie (D:7)
  A worker ant zombie (D:10)
  9 adders
  3 gnolls (D:10)
  3 shadow imps
  6 oozes
  An adder zombie (D:5)
  An adder skeleton (D:7)
  2 worms
  A dart slug (D:1)
  3 leopard geckos
  41 orcs
  4 bat skeletons (D:3)
  6 giant cockroaches
  5 goblins
  5 hobgoblins
  6 jackals
  6 kobolds
  4 quokkas
  4 ball pythons
  6 bats
  5 frilled lizards
  2 jackal skeletons
  A jackal zombie (D:6)
  A quokka zombie (D:5)
  6 rats
264 creatures vanquished.

Vanquished Creatures (others)
  A hound (D:9)
1 creature vanquished.

Grand Total: 265 creatures vanquished

Notes
Turn   | Place    | Note
-------+----------+-------------------------------------------
     0 | D:1      | Forgol the Deep Dwarf Monk began the quest for the Orb.
     0 | D:1      | Reached XP level 1. HP: 20/20 MP: 1/1
   152 | D:1      | Reached XP level 2. HP: 18/27 MP: 2/2
   172 | D:1      | Reached skill level 4 in Axes
  1261 | D:2      | Reached XP level 3. HP: 8/33 MP: 3/3
  1339 | D:2      | Noticed Natasha
  1349 | D:2      | Killed Natasha
  1349 | D:2      | Reached skill level 5 in Axes
  1426 | D:2      | Reached XP level 4. HP: 36/40 MP: 4/4
  2053 | D:3      | Reached skill level 6 in Axes
  2200 | D:3      | Found an ancient bone altar of Kikubaaqudgha.
  2219 | D:3      | Reached skill level 1 in Armour
  2219 | D:3      | Reached XP level 5. HP: 20/48 MP: 5/5
  2781 | D:4      | Noticed an ogre
  2802 | D:4      | Killed an ogre
  2802 | D:4      | Reached XP level 6. HP: 11/56 MP: 6/6
  2932 | D:4      | Reached skill level 7 in Axes
  3360 | D:5      | Entered Level 5 of the Dungeon
  3457 | D:5      | Reached XP level 7. HP: 43/63 MP: 5/5
  3477 | D:5      | Found Qytiqeol's Armour Boutique.
  3523 | D:5      | Noticed Blork the orc
  3542 | D:5      | Noticed a hippogriff
  3543 | D:5      | Killed Blork the orc
  3551 | D:5      | Killed a hippogriff
  3551 | D:5      | Reached skill level 8 in Axes
  3700 | D:5      | Noticed Dowan
  3718 | D:5      | Noticed Duvessa
  3734 | D:5      | Killed Duvessa
  3734 | D:5      | Reached XP level 8. HP: 44/73 MP: 6/6
  3736 | D:5      | Killed Dowan
  3767 | D:5      | Found a staircase to the Ecumenical Temple.
  3825 | D:5      | Found a runed translucent door.
  3826 | D:5      | Noticed Crazy Yiuf
  3958 | D:5      | Noticed Edmund
  3969 | D:5      | Reached skill level 9 in Axes
  3981 | D:5      | Killed Edmund
  4240 | D:5      | Noticed Menkaure
  4246 | D:5      | Killed Menkaure
  4246 | D:5      | Reached skill level 5 in Fighting
  4431 | D:5      | Killed Crazy Yiuf
  4431 | D:5      | Reached skill level 5 in Armour
  4604 | D:6      | Reached skill level 10 in Axes
  4954 | D:6      | Gained mutation: You passively map the area around you.
                  | [Deep Dwarf growth]
  4954 | D:6      | Reached XP level 9. HP: 31/81 MP: 7/7
  5508 | D:7      | Noticed Harold
  5540 | D:7      | Killed Harold
  5540 | D:7      | Reached skill level 11 in Axes
  6322 | D:8      | Noticed a skeletal warrior
  6322 | D:8      | Noticed a skeletal warrior
  6367 | D:8      | Killed a skeletal warrior
  6367 | D:8      | Reached skill level 12 in Axes
  6367 | D:8      | Reached XP level 10. HP: 81/92 MP: 8/8
  6400 | D:8      | Killed a skeletal warrior
  6424 | D:8      | Found a glowing golden altar of the Shining One.
  6557 | D:8      | Noticed a skeletal warrior
  6558 | D:8      | Noticed a skeletal warrior
  6610 | D:8      | Killed a skeletal warrior
  6627 | D:8      | Killed a skeletal warrior
  6709 | D:8      | Reached skill level 13 in Axes
  7202 | D:9      | Noticed an orange crystal statue
  7216 | D:9      | Noticed Grum
  7243 | D:9      | Killed Grum
  7448 | D:9      | Reached XP level 11. HP: 57/103 MP: 6/6
  7486 | D:9      | Found a staircase to the Lair.
  7600 | D:9      | Found a staircase to the Orcish Mines.
  8066 | D:10     | Entered Level 10 of the Dungeon
  8445 | D:10     | Noticed Erolcha
  8456 | D:10     | Killed Erolcha
  8456 | D:10     | Reached skill level 14 in Axes
  9153 | D:11     | Found Peyffys's Weapon Shoppe.
  9157 | D:11     | Noticed a two-headed ogre
  9181 | D:11     | Killed a two-headed ogre
  9181 | D:11     | Reached skill level 10 in Armour
  9352 | D:11     | Noticed Nergalle
  9369 | D:11     | Killed Nergalle
  9573 | D:11     | Found a flagged portal.
  9590 | Bailey   | Entered a bailey
  9683 | D:12     | Found a runed translucent gate.
  9683 | D:12     | Found a runed translucent gate.
  9876 | D:12     | Found a runed translucent gate.
  9881 | D:12     | Noticed Tyszek's ghost (journeyman MiFi)
  9889 | D:12     | HP: 5/106 [wraith (9)]
  9890 | D:12     | HP: 1/106 [wraith (3)]
  9891 | D:12     | Slain by Tyszek's ghost

Illustrated notes

Levels and vault maps discovered:
D:1:      kennysheep_arrival_seaside, layout_basic
D:2:      layout_loops_ring, uniq_natasha
D:3:      layout_loops_corners, kennysheep_vampire_church, first_ration,
          minmay_tree_intersection
D:4:      layout_basic, kennysheep_decorative_pillar
D:5:      layout_layer_cave, minmay_temple_entry_antechambers, serial_shops,
          shop_statue, minmay_manual_maat, uniq_menkaure,
          uniq_crazy_yiuf_cottage, uniq_edmund, uniq_blork_the_orc, uniq_duvessa
D:6:      layout_basic
D:7:      layout_gridville, uniq_harold
D:8:      layout_basic, basic_altar, hangedman_little_slice_of_home
D:9:      minmay_separated_statues, layout_irregular_city, erik_lair_island,
          uniq_grum
D:10:     layout_stronghold, uniq_erolcha
D:11:     layout_basic, serial_shops, shop, enter_bailey_2, minivault_16,
          uniq_nergalle
D:12:     layout_basic, gammafunk_ghost_spectres, item_on_display_a, uniq_snorg

Skill      XL: |  1  2  3  4  5  6  7  8  9 10 11 |
---------------+----------------------------------+-----
Axes           | 4 5 6 7 8 10 12 13 14 | 14.1
Armour         | 1 2 3 4 5 7 8 10 | 10.6
Fighting       | 3 4 5 6 8 9 |  9.5
Dodging        | |  3.2
Stealth        | |  2.4

Action                   |  1- 3 |  4- 6 |  7- 9 | 10-12 || total
-------------------------+-------+-------+-------+-------++-------
Melee: Hand axe          |   143 |   217 |       |       ||   360
       War axe           |       |    26 |   362 |   501 ||   889
 Abil: Heal Wounds       |     2 |     4 |    10 |    36 ||    52
  Use: Scroll            |       |    13 |     5 |     5 ||    23
       Potion            |       |       |     1 |     4 ||     5
 Stab: Sleeping          |     6 |     1 |       |       ||     7
       Invisible         |       |       |     1 |       ||     1
  Eat: Chunk             |     2 |     6 |    10 |     5 ||    23
       Ration            |       |       |       |     2 ||     2
Armor: Robe              |    18 |       |       |       ||    18
       Leather armour    |     3 |    18 |       |       ||    21
       Chain mail        |       |   117 |    46 |       ||   163
       Scale mail        |       |       |   118 |   293 ||   411
       Plate armour      |       |       |    27 |       ||    27
Dodge: Dodged            |    86 |   139 |   150 |   316 ||   691
